 Dungeon Crawl Stone Soup version 0.17-a0-1181-gabc46e6 (webtiles) character file.

8731 HEYYEYAAE the Zephyrmancer (level 11, -12/80 HPs)
             Began as a Human Air Elementalist on May 31, 2015.
             Was a High Priest of Vehumet.
             Mangled by an orc warrior
             ... wielding a +0 trident
              (15 damage)
             ... on level 4 of the Orcish Mines.
             The game lasted 00:31:16 (10866 turns).

HEYYEYAAE the Zephyrmancer (HuAE)                  Turns: 10866, Time: 00:31:16

Health: -12/80     AC:  7    Str:  8    XL:     11   Next: 61%
Magic:  19/22      EV:  9    Int: 20    God:    Vehumet [*****.]
Gold:   663        SH:  4    Dex: 15    Spells: 8 memorised, 3 levels left

rFire  + + .     SeeInvis +     w - +1 whip (venom)
rCold  . . .     Clarity  .     K - +1 robe {rF+}
rNeg   . . .     SustAt   .     a - +1 buckler "Guel" {rElec rF+ Dex+2}
rPois  .         Gourm    .     h - +1 helmet
rElec  +         Spirit   .     F - +0 cloak
rCorr  +         Warding  .     (no gloves)
rMut   .         Stasis   .     W - +0 pair of boots
MR     .....                    J - amulet of resist corrosion
Stlth  ++........               p - ring of see invisible
                                (no ring)

@: not resistant to hostile enchantments, unstealthy
A: no striking features
a: Renounce Religion


You were on level 4 of the Orcish Mines.
You worshipped Vehumet.
Vehumet was extremely pleased with you.
You were not hungry.

You visited 3 branches of the dungeon, and saw 14 of its levels.

You collected 981 gold pieces.
You spent 318 gold pieces at shops.

Inventory:

Hand weapons
 e - a +3 dagger
 f - a cursed -1 hand axe
 w - a +1 whip of venom (weapon)
 E - a +4 quarterstaff of chaos
 R - a cursed +1 falchion
 V - a +2 hand axe of chopping
 Z - a +1 mace of protection
Armour
 a - the +1 buckler "Guel" (worn) {rElec rF+ Dex+2}
   (You found it on level 5 of the Dungeon)

   It affects your dexterity (+2).
   It protects you from fire.
   It insulates you from electricity.
 h - a +1 helmet (worn)
 F - a +0 cloak (worn)
 I - a +1 leather armour of poison resistance
 K - a +1 robe of fire resistance (worn)
 W - a +0 pair of boots (worn)
Jewellery
 p - a ring of see invisible (right hand)
 G - an uncursed amulet of rage
 J - an amulet of resist corrosion (around neck)
 X - an uncursed ring of teleportation
Magical devices
 g - a wand of lightning (2)
 k - a wand of magic darts (24)
 o - a wand of frost (29)
 D - a wand of random effects (30)
 Q - a wand of fire (0)
Scrolls
 i - 3 scrolls of immolation
 n - a scroll of teleportation
 q - 4 scrolls of magic mapping
 r - 2 scrolls of amnesia {unknown}
 s - 4 scrolls of enchant weapon
 v - 2 scrolls of recharging
 y - a scroll of noise {unknown}
 M - 2 scrolls of fog {unknown}
 N - a scroll of fear {unknown}
 P - a scroll of random uselessness {unknown}
 U - a scroll of enchant armour {unknown}
Potions
 d - a potion of might
 j - a potion of flight
 l - 2 potions of brilliance
 u - 2 potions of heal wounds
 z - 2 potions of berserk rage
 H - a potion of agility
Books
 b - a book of Air

   Spells                             Type                      Level
   a - Shock                          Conjuration/Air              1
   b - Swiftness                      Charms/Air                   2
   c - Repel Missiles                 Charms/Air                   2
   d - Static Discharge               Conjuration/Air              3
   e - Lightning Bolt                 Conjuration/Air              5
 x - a book of Hinderance

   Spells                             Type                      Level
   a - Confusing Touch                Hexes                        2
   b - Confuse                        Hexes                        3
   c - Gell's Gravitas                Hexes/Translocation          3
   d - Petrify                        Transmutation/Earth          4
   e - Metabolic Englaciation         Hexes/Ice                    5
 B - a book of Envenomations

   Spells                             Type                      Level
   a - Spider Form                    Transmutation/Poison         3
   b - Alistair's Intoxication        Transmutation/Poison         4
   c - Olgreb's Toxic Radiance        Poison                       4
   d - Poisonous Cloud                Conjuration/Poison/Air       6
 C - a book of Alchemy

   Spells                             Type                      Level
   a - Sublimation of Blood           Necromancy                   2
   b - Ignite Poison                  Fire/Transmutation/Poison    3
   c - Alistair's Intoxication        Transmutation/Poison         4
   d - Condensation Shield            Ice                          4
   e - Petrify                        Transmutation/Earth          4
   f - Irradiate                      Conjuration/Transmutation    5
Comestibles
 c - 8 bread rations
 t - 3 meat rations
 L - 4 beef jerkies


   Skills:
 + Level 5.2 Fighting
 + Level 5.4 Dodging
 - Level 2.0 Stealth
 * Level 7.7 Spellcasting
 * Level 7.9 Conjurations
 * Level 8.7 Air Magic
 * Level 7.2 Earth Magic


You had 3 spell levels left.
You knew the following spells:

 Your Spells              Type           Power        Failure   Level  Hunger
a - Shock                 Conj/Air       ####         1%          1    None
b - Static Discharge      Conj/Air       #####...     1%          3    None
c - Petrify               Trmt/Erth      ###.....     34%         4    ###....
d - Lightning Bolt        Conj/Air       #####.....   4%          5    #####..
e - Swiftness             Chrm/Air       ####....     4%          2    None
f - Repel Missiles        Chrm/Air       ####..       4%          2    None
g - Flame Tongue          Conj/Fire      ###..        1%          1    None
h - Airstrike             Air            #####.....   1%          4    ###....


Dungeon Overview and Level Annotations

Branches:
Dungeon (9/15)             Temple (1/1) D:6            Lair (0/8) D:8
    Orc (4/4) D:9             Elf (0/3) Orc:4

Altars:
Ashenzari
Cheibriados
Dithmenos
Elyvilon
Fedhas
Gozag
Kikubaaqudgha
Makhleb
Nemelex Xobeh
Okawaru
Qazlal
Ru
Sif Muna
Trog
Vehumet
Xom
Yredelemnul
Zin
The Shining One
Beogh

Shops:
D:5 *   D:8 *   Orc:4 }(


Message History

Casting: Static Discharge
Confirm with . or Enter, or press ? or * to list all spells.
The orc warrior is struck by lightning.
The orc warrior is moderately wounded.
The lightning arcs!
The orc warrior is struck by lightning.
The orc warrior is lightly wounded.
The lightning arcs!
The orc warrior is struck by lightning.
The orc warrior is moderately wounded.
The lightning grounds out.
The orc warrior closely misses you.
The orc warrior hits you from afar with a glaive!
The orc warrior hits you from afar with a trident!
Unknown command.
Casting: Static Discharge
Confirm with . or Enter, or press ? or * to list all spells.
Okay, then.
The orc warrior hits you with a battleaxe!
The orc warrior hits you from afar with a glaive!!
* * * LOW HITPOINT WARNING * * *
The orc warrior hits you from afar with a trident!
You die...

####.#...........#.
#...#............
##..#..........#.
#............##
##............
#.........#...
##.#..#..###.
####$......#
#@[[.......#
#..o$.##.#.##
##.oo..##....
#............
#.............
#..#....P. o..
........P. o..
..$.......


You could see 3 orc warriors.

Vanquished Creatures
  An orc high priest (Orc:4)
  A hill giant (D:8)
  The ghost of Hanyuu the Martial Artist, an experienced OpTm of Makhleb (D:7)
  4 humans (D:7)
  2 hungry ghosts
  2 wargs (Orc:2)
  A deep elf mage (D:9)
  Menkaure (D:7)
  A water moccasin (D:9)
  A wyvern (D:9)
  A sky beast (D:8)
  6 ogres
  15 orc warriors
  2 phantoms (D:6)
  A black bear (D:9)
  3 centaurs
  4 giant frogs
  A gnoll sergeant (D:9)
  6 jellies
  5 wights
  4 scorpions
  5 killer bees (D:9)
  A centaur zombie (D:7)
  6 crimson imps
  A centaur skeleton (D:6)
  A quasit (D:6)
  11 orc priests
  The ghost of asdu the Ruffian, a weakling VSTm (D:3)
  Crazy Yiuf (D:6)
  A giant frog skeleton (D:4)
  4 hounds
  9 orc wizards
  6 iguanas
  5 worker ants
  A killer bee zombie (D:5)
  9 adders
  15 gnolls
  5 oozes
  An adder skeleton (D:6)
  7 worms
  10 giant geckos
  85 orcs
  17 bats
  A bat skeleton (D:7)
  7 giant cockroaches
  12 goblins
  13 hobgoblins
  2 jackals (D:1)
  11 kobolds
  5 quokkas
  2 ball pythons
  2 giant newts (D:1)
  A jackal zombie (D:8)
  A quokka skeleton (D:7)
  16 rats
338 creatures vanquished.

Notes
Turn   | Place    | Note
--------------------------------------------------------------
     0 | D:1      | HEYYEYAAE the Human Air Elementalist began the quest for the Orb.
     0 | D:1      | Reached XP level 1. HP: 13/13 MP: 3/3
   367 | D:1      | Reached XP level 2. HP: 7/19 MP: 0/5
   626 | D:1      | Reached XP level 3. HP: 3/24 MP: 1/6
  1029 | D:2      | Learned a level 3 spell: Static Discharge
  1079 | D:2      | Reached XP level 4. HP: 31/31 MP: 0/8
  1594 | D:2      | Reached skill level 1 in Fighting
  1594 | D:2      | Reached XP level 5. HP: 35/37 MP: 6/9
  2051 | D:3      | Reached skill level 4 in Air Magic
  2152 | D:3      | Found a glowing golden altar of the Shining One.
  2211 | D:3      | Reached XP level 6. HP: 43/43 MP: 10/10
  2346 | D:3      | Noticed asdu's ghost (weakling VSTm)
  2364 | D:3      | Killed asdu's ghost
  2925 | D:4      | Reached XP level 7. HP: 14/48 MP: 9/12
  3302 | D:5      | Entered Level 5 of the Dungeon
  3337 | D:5      | Learned a level 4 spell: Petrify
  3343 | D:5      | Learned a level 5 spell: Lightning Bolt
  3396 | D:6      | Reached skill level 1 in Earth Magic
  3398 | D:6      | Found a staircase to the Ecumenical Temple.
  3413 | Temple   | Entered the Ecumenical Temple
  3595 | D:6      | Reached skill level 5 in Air Magic
  3656 | D:6      | Reached XP level 8. HP: 10/56 MP: 1/14
  3906 | D:6      | Found a sparkling altar of Nemelex Xobeh.
  3977 | D:6      | Found a bloodstained altar of Trog.
  4135 | D:6      | Found an ancient bone altar of Kikubaaqudgha.
  4136 | D:6      | Found a radiant altar of Vehumet.
  4136 | D:6      | Found an opulent altar of Gozag.
  4144 | D:6      | Became a worshipper of Vehumet
  4350 | D:6      | Noticed Crazy Yiuf
  4354 | D:6      | Killed Crazy Yiuf
  4519 | D:6      | Found a snail-covered altar of Cheibriados.
  4636 | D:6      | Found a glowing silver altar of Zin.
  4636 | D:6      | Found a basalt altar of Yredelemnul.
  4897 | D:5      | Found Soferana's Assorted Antiques.
  4905 | D:5      | Bought an embroidered robe for 18 gold pieces
  4905 | D:5      | Bought a scroll of identify for 54 gold pieces
  4979 | D:5      | Got a spiked buckler
  4988 | D:5      | Identified the +1 buckler "Guel" {rElec rF+ Dex+2} (You found it on level 5 of the Dungeon)
  5318 | D:7      | Noticed Menkaure
  5325 | D:7      | Killed Menkaure
  5455 | D:7      | Reached skill level 5 in Spellcasting
  5455 | D:7      | Reached skill level 5 in Conjurations
  5455 | D:7      | Reached XP level 9. HP: 59/63 MP: 8/16
  5504 | D:7      | Reached skill level 6 in Air Magic
  5540 | D:7      | Acquired Vehumet's first power
  5540 | D:7      | Offered knowledge of Flame Tongue by Vehumet.
  5980 | D:7      | Noticed Hanyuu's ghost (experienced OpTm)
  6221 | D:7      | Killed Hanyuu's ghost
  6270 | D:7      | Reached skill level 5 in Earth Magic
  6270 | D:7      | Reached XP level 10. HP: 64/71 MP: 8/19
  6463 | D:7      | Learned a level 2 spell: Swiftness
  6480 | D:8      | Learned a level 2 spell: Repel Missiles
  6559 | D:8      | Found a staircase to the Lair.
  6582 | D:8      | Reached skill level 7 in Air Magic
  6625 | D:8      | Learned a level 1 spell: Flame Tongue
  6863 | D:8      | Offered knowledge of Freeze by Vehumet.
  7007 | D:8      | Noticed a hill giant
  7110 | D:8      | Killed a hill giant
  7341 | D:8      | Found Cutor's General Store.
  7350 | D:8      | Bought a scroll of recharging for 114 gold pieces
  7350 | D:8      | Bought a scroll of blinking for 90 gold pieces
  7350 | D:8      | Bought a scroll of magic mapping for 42 gold pieces
  7969 | D:9      | Offered knowledge of Dazzling Spray by Vehumet.
  8034 | D:9      | Acquired Vehumet's second power
  8259 | D:9      | Reached XP level 11. HP: 27/78 MP: 6/21
  8477 | D:9      | Found a staircase to the Orcish Mines.
  8478 | D:9      | Found a roughly hewn altar of Beogh.
  8568 | D:9      | Offered knowledge of Throw Icicle by Vehumet.
  8615 | D:9      | Reached skill level 5 in Dodging
  8931 | D:9      | Reached skill level 8 in Air Magic
  9039 | Orc:1    | Entered Level 1 of the Orcish Mines
  9062 | Orc:1    | Reached skill level 5 in Fighting
  9349 | Orc:3    | Acquired Vehumet's third power
  9490 | Orc:3    | Offered knowledge of Iskenderun's Battlesphere by Vehumet.
 10286 | Orc:4    | Entered Level 4 of the Orcish Mines
 10286 | Orc:4    | Found Vuerrats's Gadget Emporium.
 10296 | Orc:4    | Offered knowledge of Airstrike by Vehumet.
 10348 | Orc:4    | Found a staircase to the Elven Halls.
 10369 | Orc:4    | Noticed an orc knight
 10408 | Orc:4    | Noticed an orc high priest
 10409 | Orc:4    | Found Fytoj's Antique Weapon Emporium.
 10418 | Orc:4    | Killed an orc high priest
 10863 | Orc:3    | Learned a level 4 spell: Airstrike
 10866 | Orc:4    | HP: 3/80 [orc warrior/glaive (27)]
 10866 | Orc:4    | Mangled by an orc warrior

Vault maps used:
D:1:      saegor_arrival_simple_e
D:2:      first_bread
D:3:      lemuel_upstairs_altar, lemuel_doored_altar
D:5:      serial_shops, shop
D:6:      grunt_temple_overflow_open, overflow_temple_1_default,
          gammafunk_temple_overflow_elements, minmay_temple_entry_large_hall,
          basic_altar, st_stairs_11, trog_book, uniq_crazy_yiuf_cottage
D:7:      grunt_ogre_cave, minmay_ruffians, uniq_menkaure
D:8:      lair_0_dummy, serial_shops, shop, minmay_bad_closet
D:9:      david_orc_5
Temple:   triangle_lava_temple_12
Orc:1:    minmay_goldmine, nicolae_orc_sculptors_studio
Orc:2:    mines_bat_river
Orc:3:    nicolae_orc_pool_cavern
Orc:4:    grunt_orc_gardens, grunt_orc_garden, grunt_orc_garden,
          grunt_orc_garden, grunt_orc_garden, serial_shops, shop, mines2_david

Action                   |  1- 3 |  4- 6 |  7- 9 | 10-12 || total
-------------------------+-------+-------+-------+-------++-------
Melee: Unarmed           |    22 |       |       |       ||    22
       Dagger            |    41 |    19 |    16 |       ||    76
       Whip              |       |    85 |    71 |   264 ||   420
       Quarterstaff      |       |       |    33 |       ||    33
 Cast: Shock             |    44 |    73 |   132 |   177 ||   426
       Static Discharge  |       |     5 |    38 |    90 ||   133
       Flame Tongue      |       |       |       |     8 ||     8
       Lightning Bolt    |       |       |       |    18 ||    18
Evoke: Wand              |       |       |     1 |    10 ||    11
  Use: Scroll            |       |     8 |     5 |     7 ||    20
       Potion            |       |     1 |     7 |     3 ||    11
 Stab: Sleeping          |     2 |       |       |     3 ||     5
  Eat: Chunk             |     1 |     7 |     5 |    16 ||    29
       Meat ration       |       |       |     1 |     1 ||     2
       Pizza             |       |       |     1 |       ||     1
       Beef jerky        |       |       |       |     2 ||     2
